 Dungeon Crawl Stone Soup version 0.30.1-4-g462c640d31 (webtiles) character file.

Game seed: 12520223373515472866

274480 wingedge the Impaler (level 18, -11/200 HPs)
             Began as a Demigod Earth Elementalist on Aug 31, 2023.
             Mangled by a +2 glaive of venom (22 damage)
             ... on level 2 of the Elven Halls on Sept 1, 2023.
             The game lasted 03:38:55 (47737 turns).

wingedge the Impaler (Demigod Earth Elementalist)  Turns: 47737, Time: 03:38:55

Health: -11/200    AC: 33    Str: 17      XL:     18   Next: 81%
Magic:  14/38      EV: 16    Int: 39 (40) God:
Gold:   3584       SH:  0    Dex: 13      Spells: 0/39 levels left

rFire   + . .        a - +11 glaive "Yrhog" {spect, Int+4}
rCold   . . .        (shield currently unavailable)
rNeg    + . .        c - melded +2 robe {rC+ rF+}
rPois   ∞            (helmet restricted)
rElec   +            u - +2 cloak
rCorr   .            q - melded +2 pair of gloves of Gestures {rPois rF+}
SInv    +            t - melded +0 pair of boots
Will    ++...        s - amulet of magic regeneration
Stlth   ++           w - ring of Beogh's Grace {Will+ SInv}
HPRegen 0.53/turn    f - ring of protection from fire
MPRegen 0.66/turn

%: no passive effects
@: statue-form, studying Unarmed Combat, very slow
A: slow and powerful, torment resistance 1, boosted hp, high MP 1, forlorn,
divine attributes, horns 1, see invisible, strong 1
}: 2/15 runes: barnacled, gossamer
a: End Transformation


You were on level 2 of the Elven Halls.
You were a living statue of rough stone.
You visited 6 branches of the dungeon, and saw 32 of its levels.
You visited the Abyss 1 time.
You also visited: Ossuary and Ice Cave.

You collected 4013 gold pieces.
You spent 429 gold pieces at shops.

Inventory:

Hand Weapons
 a - the +11 glaive "Yrhog" (weapon) {spect, Int+4}
   (You took it off an orc wizard on level 12 of the Dungeon)

   Int:       It affects your intelligence (+4).
 i - a +0 vampiric glaive
 W - the +5 dagger of Filigreed Integrity {spect, rF+++ rN+ Dex+4}
   (You found it on level 12 of the Dungeon)

   Dex:       It affects your dexterity (+4).
   rF:        It renders you almost immune to fire.
   rN:        It protects you from negative energy.
Armour
 c - a +2 robe of resistance (melded)
 q - the +2 pair of gloves of Gestures (melded) {rPois rF+}
   (You found it in an ice cave)

   rF:        It protects you from fire.
   rPois:     It protects you from poison.
 t - a +0 pair of boots (melded)
 u - a +2 cloak (worn)
 M - a +3 buckler
Magical Staves
 b - a staff of earth
 d - a staff of death
Jewellery
 f - a ring of protection from fire (right fist)
 p - an amulet of the acrobat
 s - an amulet of magic regeneration (around neck)
 w - the ring of Beogh's Grace (left fist) {Will+ SInv}
   (You found it on level 5 of the Lair of Beasts)

   [ring of see invisible]

   SInv:      It lets you see invisible.
   Will:      It increases your willpower.
 B - an amulet of regeneration
 C - an amulet of reflection
 L - a ring of protection from cold
 U - a +5 ring of evasion
Wands
 n - a wand of digging (7)
 T - a wand of quicksilver (14)
 X - a wand of paralysis (26)
Scrolls
 e - 4 scrolls of identify
 j - 4 scrolls of poison
 o - 2 scrolls of brand weapon
 v - 7 scrolls of magic mapping
 x - 2 scrolls of vulnerability
 y - 4 scrolls of teleportation
 A - a scroll of blinking
 E - 7 scrolls of enchant armour
 G - 2 scrolls of summoning
 I - a scroll of fear
 N - 5 scrolls of enchant weapon
 P - a scroll of torment
 R - a scroll of immolation
 V - 7 scrolls of fog
Potions
 g - 4 potions of mutation
 h - 2 potions of heal wounds
 k - 2 potions of haste
 l - 7 potions of might
 m - 10 potions of curing
 r - 4 potions of berserk rage
 z - 2 potions of invisibility
 D - 7 potions of flight
 F - 4 potions of magic
 K - 8 potions of brilliance
 O - 2 potions of cancellation
 Z - 8 potions of ambrosia
Miscellaneous
 Y - a phantom mirror


   Skills:
 + Level 12.2 Fighting
 + Level 15.0 Polearms
 - Level 2.0 Armour
 + Level 9.9 Dodging
 - Level 4.0 Stealth
 - Level 5.0 Shields
 - Level 11.0 Spellcasting
 - Level 5.0 Conjurations
 - Level 4.0 Hexes
 + Level 9.9 Necromancy
 - Level 8.0 Translocations
 - Level 13.0 Transmutations
 - Level 2.7 Air Magic
 - Level 13.0 Earth Magic


You couldn't memorise any spells.
You knew the following spells:

 Your Spells              Type           Power      Damage    Failure   Level
a - Statue Form           Tmut/Erth      59%        N/A       1%          6
b - Stone Arrow           Conj/Erth      100%       3d13      1%          3
c - Petrify               Tmut/Erth      89%        N/A       1%          4
d - Borgnjor's Vile Clut  Necr/Erth      42%        N/A       1%          5
e - Blink                 Tloc           100%       N/A       1%          2
f - Lee's Rapid Deconstr  Erth           44%        3d21*     1%          5
g - Manifold Assault      Tloc           71%        N/A       1%          4
h - Animate Dead          Necr           78%        N/A       1%          4
i - Death Channel         Necr           39%        N/A       4%          6

Your spell library contained the following spells:

 Spells                   Type           Power      Damage    Failure   Level
 Sandblast                Erth           100%       2d20      0%          1
 Passwall                 Tmut/Erth      74%        N/A       0%          2
 Apportation              Tloc           100%       N/A       1%          1
 Kiss of Death            Conj/Necr      100%       2d13      1%          1
 Necrotise                Necr           100%       1d9       1%          1
 Shock                    Conj/Air       100%       1d9       1%          1
 Summon Small Mammal      Summ           84%        N/A       1%          1
 Cigotuvi's Dreadful Rot  Necr/Pois/Air  100%       N/A       1%          2
 Lesser Beckoning         Tloc           100%       N/A       1%          2
 Momentum Strike          Conj/Tloc      100%       3d10      1%          2
 Poisonous Vapours        Pois/Air       64%        N/A       1%          2
 Confusing Touch          Hex            51%        N/A       1%          3
 Dazzling Flash           Conj/Hex       100%       N/A       1%          3
 Gell's Gravitas          Tloc           71%        N/A       1%          3
 Mephitic Cloud           Conj/Pois/Air  41%        N/A       1%          3
 Portal Projectile        Hex/Tloc       100%       N/A       1%          3
 Teleport Other           Tloc           71%        N/A       1%          3
 Volatile Blastmotes      Fire/Tloc      100%       2d18      1%          3
 Dispel Undead            Necr           78%        3d26      1%          4
 Iskenderun's Mystic Bla  Conj/Tloc      64%        2d13      1%          4
 Leda's Liquefaction      Hex/Erth       36%        N/A       1%          4
 Passage of Golubria      Tloc           71%        N/A       1%          4
 Agony                    Necr           78%        N/A       1%          5
 Summon Guardian Golem    Hex/Summ       37%        N/A       2%          3
 Alistair's Intoxication  Tmut/Pois      42%        N/A       3%          5
 Call Canine Familiar     Summ           21%        N/A       4%          3
 Ozocubu's Armour         Ice            21%        N/A       4%          3
 Arcjolt                  Conj/Air       25%        1d35      10%         5
 Silence                  Hex/Air        23%        N/A       12%         5
 Freezing Cloud           Conj/Ice/Air   20%        6-21      16%         5
 Summon Ice Beast         Ice/Summ       21%        N/A       17%         4
 Eringya's Noxious Bog    Tmut/Pois      32%        N/A       19%         6
 Metabolic Englaciation   Hex/Ice        18%        N/A       21%         5
 Summon Mana Viper        Hex/Summ       37%        N/A       21%         5
 Simulacrum               Ice/Necr       28%        N/A       34%         6
 Conjure Ball Lightning   Conj/Air       25%        3x3d7     47%         6
 Storm Form               Tmut/Air       35%        N/A       50%         7
 Starburst                Conj/Fire      20%        6d7       67%         6
 Borgnjor's Revivificati  Necr           39%        N/A       88%         8
 Lehudib's Crystal Spear  Conj/Erth      37%        10d9      95%         8
 Monstrous Menagerie      Summ           10%        N/A       100%        7
 Ozocubu's Refrigeration  Ice            10%        4d9       100%        7


Dungeon Overview and Level Annotations

Branches:
Dungeon (15/15)            Temple (0/1) D:5            Lair (5/5) D:8
 Shoals (4/4) Lair:3       Spider (4/4) Lair:2        Slime (0/5) Lair:5
    Orc (2/2) D:9             Elf (2/3) Orc:2        Vaults (0/5) D:13
 Depths (0/4) D:15        Ossuary (visited)           IceCv (visited)

Shops:
D:6 [   D:7 [   D:12 !   Orc:2 (*=(   Elf:1 *(=   Elf:2 (

Annotations:
Lair:5 next: vile clutch + necro stuff


Innate Abilities, Weirdness & Mutations

You are a living statue of rough stone.
Your actions are slow, but your melee attacks are powerful.
You are resistant to unholy torment.
Your maximum health is greatly increased.
You are immune to poison.
Your equipment is partially melded.
You have an increased reservoir of magic. (+10% MP)
You shall have no god before yourself.
Your divine heritage dramatically boosts your attributes as you level up.
You have a pair of small horns on your head.
You have supernaturally acute eyesight. (SInv)
Your muscles are strong. (Str +4, Int/Dex -1)


Message History

* * * LOW HITPOINT WARNING * * *
You are covered in liquid flames!
* * * LOW HITPOINT WARNING * * *
You are covered in liquid flames.
You are a living statue of rough stone.
Expiring: Your actions are hasted.
You are glowing.
You are studying Unarmed Combat.
Your movement speed is average.
Your attack delay is about 0.9.
Your damage rating with the +11 glaive "Yrhog" {spect, Int+4} is about 38 (Base 15 x 117% (Str) x 156% (Skill) + 11 (Ench)).
Your base attributes are Str 13, Int 37, Dex 14.
You feel better.
You are covered in liquid flames!
You feel yourself slow down.
You start resting.
A deep elf zephyrmancer comes into view.
It is wielding a +0 long sword.
Casting: Manifold Assault (mildly dangerous; 1% risk of failure)
Confirm with . or Enter, or press ? or * to list all spells.
Space momentarily warps into an impossible shape!
The deep elf zephyrmancer shouts!
You slice the deep elf zephyrmancer like a ripe choko!!!
You kill the deep elf zephyrmancer!
You slice the +3 short sword of distortion!!
The +3 short sword of distortion falls from the air.
You feel your intelligence returning.
You start resting.
A +2 glaive of venom is nearby!
Casting: Manifold Assault (mildly dangerous; 1% risk of failure)
Confirm with . or Enter, or press ? or * to list all spells.
Aiming: Borgnjor's Vile Clutch (mildly dangerous; 1% risk of failure)
Press: ? - help, Shift-Dir - straight line, f - +2 glaive of venom
Aim: a +2 glaive of venom (wandering, hasn't noticed you, 100% to hit)
Zombie hands grab the +2 glaive of venom.
The zombie hands constrict the +2 glaive of venom!!
The +2 glaive of venom hits you from afar!
* * * LOW HITPOINT WARNING * * *
The +2 glaive of venom closely misses you.
The zombie hands constrict the +2 glaive of venom, but do no damage.
The +2 glaive of venom hits you from afar.
* * * LOW HITPOINT WARNING * * *
The +2 glaive of venom hits you from afar!!
You die...

e(..(.#.....#... #
Z(.e.#.......#...#
e..(#(........#
#..#...........#
.##.......).....#
.# .............##
#(.#..........(#.#
.. .#.........#..#
§....#.......#).8#
. ....#.....#).).#
.. . #....)# ...
#.....## #.....#
#..)..# ..#.....
...#.... ....#..


You could see a +2 glaive of venom (clutched).

Vanquished Creatures
  A shard shrike (IceCv)
  Nikola (Shoals:1)
  Jorgrun (Orc:2)
  Rupert (D:14)
  A sphinx (Shoals:4)
  2 tentacled starspawn (Abyss:3)
  A kraken (Shoals:1)
  Ilsuiw (Shoals:2)
  Roxanne (D:14)
  4 ghost moths (Spider:4)
  6 emperor scorpions
  A balrug (Abyss:3)
  A very ugly thing (Spider:3)
  3 dire elephants (Lair:5)
  A deep elf demonologist (Elf:1)
  A white draconian (IceCv)
  2 minotaurs (Shoals:4)
  A starcursed mass (Abyss:3)
  A spark wasp (Spider:4)
  2 merfolk javelineers (Shoals:2)
  The ghost of coolio the Basher, a journeyman DsFi of Makhleb (D:12)
  A great orb of eyes (Abyss:3)
  Josephine (D:11)
  A merfolk impaler (Shoals:3)
  A deep elf high priest (Elf:2)
  7 entropy weavers
  2 hydras
  An ogre mage (D:13)
  A vault guard (D:13)
  2 merfolk avatars (Shoals:3)
  5 centaur warriors
  5 radroaches
  2 merfolk aquamancers
  5 ironbound frosthearts (IceCv)
  A jorogumo (Spider:4)
  22 dancing weapons
  15 satyrs
  6 boulder beetles
  2 death knights
  A naga warrior (Abyss:3)
  2 death yaks (Lair:5)
  4 two-headed ogres
  2 tengu warriors
  A hell hog (Abyss:3)
  Urug (Lair:5)
  A thrashing horror (Abyss:3)
  3 sun demons (Shoals:1)
  Nergalle (Orc:1)
  Sonja (Orc:1)
  10 deep elf knights
  6 pharaoh ants
  6 skysharks
  2 wretched stars (Abyss:3)
  4 skeletal warriors
  A spectral death yak (Lair:5)
  6 sea snakes
  A spectral anaconda (Lair:5)
  A sun moth (Spider:4)
  6 orb spiders
  An orange crystal statue (IceCv)
  2 lindwurms
  A phantasmal warrior (D:14)
  12 deep elf archers
  3 wizards
  5 necromancers
  Pikel (D:5)
  5 steelbarb worms
  35 deep elf pyromancers
  3 orc knights
  25 deep elf zephyrmancers
  An obsidian statue (Lair:5)
  12 harpies
  17 wolf spiders
  2 orc sorcerers
  8 cyclopes
  16 ugly things
  15 manticores
  3 moths of wrath (Spider:1)
  19 fauns
  21 elephants
  8 merfolk sirens
  Maurice (Orc:2)
  4 black mambas
  A naga mage (D:15)
  A black mamba (shapeshifter) (D:13)
  5 water nymphs
  An eye of devastation (Lair:5)
  5 torpor snails
  8 demonic crawlers
  An orange demon (Abyss:3)
  12 cane toads
  21 rime drakes
  2 unseen horrors (D:12)
  10 komodo dragons
  2 efreet (D:13)
  A freezing wraith (D:13)
  4 kobold demonologists
  A tengu conjurer (D:14)
  5 trolls
  A harpy zombie (D:15)
  5 hornets
  A wind drake (shapeshifter) (Elf:1)
  15 merfolk
  6 wind drakes
  A tyrant leech (Lair:1)
  23 tarantellas
  22 polar bears
  A tarantella (shapeshifter) (D:14)
  A raiju (Abyss:3)
  Sigmund (D:2)
  A dream sheep (Shoals:4)
  3 snapping turtles
  11 slime creatures
  23 jumping spiders
  2 centaur simulacra (D:15)
  13 water elementals
  A shadow (D:11)
  15 culicivoras
  34 yaks
  7 wraiths
  4 large abominations (Abyss:3)
  3 vampires
  4 wyverns
  An elf zombie (Elf:2)
  9 basilisks
  3 neqoxecs (Abyss:3)
  A chaos spawn (Abyss:3)
  62 redbacks
  A death yak simulacrum (Lair:5)
  10 vampire mosquitoes
  A warg (Orc:2)
  3 swamp worms (Lair:1)
  13 water moccasins
  2 acid dragons
  A floating eye (Lair:5)
  A swamp drake (shapeshifter) (Elf:2)
  2 elephant zombies (Lair:5)
  33 orc warriors
  2 sky beasts (D:7)
  An ice beast (D:6)
  6 black bears
  26 centaurs
  11 ogres
  A phantom (D:4)
  6 kobold brigands
  10 bullfrogs
  5 scorpions
  3 small abominations (Abyss:3)
  5 earth elementals
  2 cane toad simulacra (Lair:5)
  A gnoll sergeant (D:10)
  4 wights (D:6)
  An elephant simulacrum (Lair:5)
  17 killer bees
  4 electric eels
  2 howler monkeys (D:13)
  6 centaur zombies
  6 hounds
  2 quasits (Abyss:3)
  2 gnoll boudas (D:9)
  A jelly (D:6)
  19 orc priests
  Natasha (twice) (D:2)
  Terence (D:3)
  4 iguanas
  32 orc wizards
  4 hell rats (Lair:1)
  A statue (D:11)
  5 mummies (Ossuary)
  Robin (D:3)
  17 gnolls
  7 adders
  2 white imps (D:5)
  3 ufetubi
  2 worms
  5 dart slugs
  64 orcs
  3 ball pythons
  3 bats
  7 endoplasms
  5 giant cockroaches
  11 goblins
  7 hobgoblins
  2 jackals (D:2)
  5 quokkas
  5 frilled lizards
  3 hobgoblin zombies (Ossuary)
  18 kobolds
  2 rats
  3 starspawn tentacles (Abyss:3)
1182 creatures vanquished.

Vanquished Creatures (collateral kills)
  A sphinx (Shoals:4)
  A merfolk javelineer (Shoals:4)
  A dancing weapon (Elf:1)
  2 satyrs
  A pharaoh ant (Spider:4)
  3 skysharks
  A sun moth (Spider:4)
  3 sea snakes
  An orb spider (Spider:4)
  A deep elf archer (Elf:1)
  3 harpies
  2 deep elf pyromancers (Elf:2)
  A deep elf zephyrmancer (Elf:1)
  2 wolf spiders (Spider:4)
  4 manticores
  4 fauns
  3 water nymphs
  2 hornets (Spider:4)
  3 merfolk
  4 tarantellas (Spider:4)
  A dream sheep (Shoals:4)
  A snapping turtle (Shoals:4)
  5 jumping spiders (Spider:4)
  A water elemental (Shoals:4)
  A culicivora (Spider:4)
  5 redbacks (Spider:4)
  2 tentacles (Shoals:1)
59 creatures vanquished.

Vanquished Creatures (others)
  A ghost moth (Spider:3)
  A centaur warrior (D:13)
  A dancing weapon (Elf:2)
  A spark wasp zombie (Spider:4)
  A water nymph (Shoals:2)
  3 sea snake zombies
  An unseen horror (D:10)
  8 redback zombies (Spider:4)
  An orb spider zombie (Abyss:3)
  2 harpy zombies (Shoals:2)
  3 jumping spider zombies (Spider:4)
  3 satyr zombies (Shoals:4)
  4 tarantella zombies (Spider:4)
  5 slime creatures (D:13)
  2 wind drake zombies (Shoals:3)
  9 merfolk zombies
  4 water nymph zombies
  4 faun zombies
  A small abomination (Abyss:3)
  A naga zombie (Abyss:3)
  A snapping turtle zombie (Shoals:4)
  An orc warrior (Orc:2)
  13 elf zombies
  6 manticore zombies
  A raiju zombie (Abyss:3)
  An orc wizard (Orc:1)
  A swamp drake zombie (Elf:2)
  38 spectral weapons
  7 starspawn tentacles (Abyss:3)
  3 tentacles (Shoals:1)
128 creatures vanquished.

Grand Total: 1369 creatures vanquished

Notes
Turn   | Place    | Note
-------+----------+-------------------------------------------
     0 | D:1      | wingedge the Demigod Earth Elementalist began the quest for
                  | the Orb.
     0 | D:1      | Reached XP level 1. HP: 14/14 MP: 5/5
   506 | D:1      | Reached XP level 2. HP: 20/20 MP: 5/7
   935 | D:2      | Noticed Sigmund
   965 | D:2      | Noticed Natasha
  1121 | D:2      | Reached XP level 3. HP: 26/26 MP: 5/8
  1260 | D:2      | Learned a level 3 spell: Stone Arrow
  2224 | D:3      | Noticed Robin
  2247 | D:3      | Reached skill level 1 in Conjurations
  2247 | D:3      | Reached XP level 4. HP: 34/34 MP: 6/9
  2250 | D:3      | Reached skill level 1 in Fighting
  2269 | D:2      | Killed Natasha
  2340 | D:2      | Noticed Natasha
  2345 | D:2      | Killed Natasha
  2826 | D:3      | Killed Robin
  2827 | D:3      | Reached XP level 5. HP: 40/40 MP: 3/10
  2936 | D:3      | Noticed Terence
  2941 | D:3      | Killed Terence
  5150 | D:4      | Reached skill level 1 in Polearms
  5360 | D:4      | Reached XP level 6. HP: 43/48 MP: 1/11
  5868 | D:4      | Reached skill level 2 in Polearms
  6266 | D:5      | Entered Level 5 of the Dungeon
  6266 | D:5      | Noticed a water moccasin
  6312 | D:5      | Found a staircase to the Ecumenical Temple.
  6325 | D:5      | Noticed Pikel
  6362 | D:5      | Killed Pikel
  6363 | D:5      | Reached skill level 3 in Polearms
  6363 | D:5      | Reached skill level 1 in Transmutations
  6363 | D:5      | Reached skill level 5 in Earth Magic
  6363 | D:5      | Reached XP level 7. HP: 16/59 MP: 2/14
  6531 | D:5      | Found a sand-covered staircase.
  6550 | Ossuary  | Entered an ossuary
  6581 | Ossuary  | Reached XP level 8. HP: 18/66 MP: 6/15
  6589 | Ossuary  | Reached skill level 5 in Conjurations
  7204 | D:5      | Reached skill level 4 in Polearms
  7230 | D:5      | Reached skill level 5 in Fighting
  7235 | D:5      | Learned a level 4 spell: Petrify
  7238 | D:5      | Learned a level 2 spell: Passwall
  7450 | D:2      | Killed Sigmund
  7764 | D:6      | Found Lesudwaihu's Antique Armour Shoppe.
  8041 | D:6      | Reached skill level 5 in Transmutations
  8041 | D:6      | Reached XP level 9. HP: 74/74 MP: 4/17
  8304 | D:6      | Identified the +7 battleaxe of Desertification {heavy,
                  | rCorr Dex+3}
  8478 | D:6      | Learned a level 2 spell: Blink
  8514 | D:6      | Identified the +2 trident "Trog's Righteous Fury" {speed,
                  | rPois Str+3 Dex+3}
  8976 | D:7      | Reached skill level 1 in Translocations
  9145 | D:7      | Found Zuub's Armour Boutique.
  9665 | D:8      | Found a staircase to the Lair.
  9715 | D:8      | Reached skill level 1 in Shields
  9953 | D:8      | Noticed a komodo dragon
  9959 | D:8      | Killed a komodo dragon
  9960 | D:8      | Reached skill level 5 in Spellcasting
  9960 | D:8      | Reached XP level 10. HP: 81/81 MP: 14/21
 11126 | D:9      | Got the Parchment of Shifting
 11973 | D:9      | Found a staircase to the Orcish Mines.
 12007 | D:9      | Got the Writings on Hazy Blasphemous Spells
 12376 | D:10     | Entered Level 10 of the Dungeon
 12702 | D:10     | Reached skill level 1 in Air Magic
 12931 | D:10     | Reached XP level 11. HP: 64/88 MP: 5/22
 13116 | D:10     | Reached skill level 5 in Shields
 13726 | Lair:1   | Entered Level 1 of the Lair of Beasts
 13941 | Lair:1   | Reached skill level 5 in Polearms
 13998 | Lair:1   | Learned a level 5 spell: Lee's Rapid Deconstruction
 15825 | Lair:2   | Noticed a skyshark
 15843 | Lair:2   | Killed a skyshark
 16536 | Lair:2   | Learned a level 4 spell: Manifold Assault
 16605 | Lair:2   | Found a hole to the Spider Nest.
 16726 | Lair:2   | Noticed a six-headed hydra
 16735 | Lair:2   | Killed a six-headed hydra
 16736 | Lair:2   | Reached skill level 5 in Translocations
 16952 | Lair:3   | Noticed a lindwurm
 16975 | Lair:3   | Killed a lindwurm
 17104 | Lair:3   | Reached skill level 6 in Polearms
 17137 | Lair:3   | Found a staircase to the Shoals.
 17262 | Lair:3   | Noticed a skyshark
 17273 | Lair:3   | Killed a skyshark
 17274 | Lair:3   | Reached XP level 12. HP: 63/96 MP: 2/25
 18686 | Lair:4   | Identified the +1 robe of Infinity {rC+ rN+}
 19528 | Lair:5   | Entered Level 5 of the Lair of Beasts
 19801 | Lair:5   | Noticed Urug
 19817 | Lair:5   | Reached skill level 10 in Earth Magic
 19866 | Lair:5   | Killed Urug
 20106 | Lair:5   | Found a staircase to the Slime Pits.
 20702 | Lair:5   | Reached XP level 13. HP: 102/102 MP: 0/27
 21353 | Lair:5   | Learned a level 6 spell: Statue Form
 21353 | Lair:5   | Noticed a dire elephant
 21353 | Lair:5   | Noticed a dire elephant
 21353 | Lair:5   | Noticed a dire elephant
 21844 | Lair:5   | Reached skill level 7 in Polearms
 22538 | Lair:4   | Reached skill level 10 in Transmutations
 22794 | Lair:5   | Killed a dire elephant
 22935 | Lair:5   | Killed a dire elephant
 23022 | Lair:5   | Identified the +1 ring mail of Tender Moments {rPois rCorr
                  | Str-3 Dex+2}
 23484 | Lair:5   | Identified the ring of Beogh's Grace {Will+ SInv}
 23543 | Lair:5   | Killed a dire elephant
 23756 | Orc:1    | Entered Level 1 of the Orcish Mines
 24014 | Orc:2    | Entered Level 2 of the Orcish Mines
 24019 | Orc:2    | Noticed Jorgrun
 24031 | Orc:2    | Killed Jorgrun
 24185 | Orc:1    | Noticed Sonja
 24196 | Orc:1    | Killed Sonja
 24279 | Orc:1    | Noticed Nergalle
 24568 | Orc:1    | Killed Nergalle
 24897 | Orc:2    | Found a staircase to the Elven Halls.
 25887 | Orc:2    | Noticed Maurice
 25893 | Orc:2    | Killed Maurice
 26132 | Orc:2    | Found Puaxzed's General Store.
 26132 | Orc:2    | Found Liruhya's Jewellery Shoppe.
 26134 | Orc:2    | Found Uculan Madd's Antique Weapon Emporium.
 26136 | Orc:2    | Found Gyock's Weapon Boutique.
 26140 | Orc:2    | Bought 2 potions of curing for 90 gold pieces
 26322 | D:11     | Noticed Josephine
 26342 | D:11     | Reached XP level 14. HP: 107/111 MP: 11/28
 26343 | D:11     | Killed Josephine
 26525 | D:11     | Reached skill level 1 in Armour
 27533 | D:12     | Identified the +5 dagger of Filigreed Integrity {spect,
                  | rF+++ rN+ Dex+4}
 27578 | D:12     | Found a transporter.
 27618 | D:12     | Found Ylistr Ti Pod's Distillery.
 27627 | D:12     | Bought a potion of heal wounds for 65 gold pieces
 27627 | D:12     | Bought a potion of cancellation for 104 gold pieces
 27627 | D:12     | Bought a potion of invisibility for 104 gold pieces
 27768 | D:12     | Noticed coolio's ghost (journeyman DsFi)
 27783 | D:12     | Found a transporter.
 28073 | D:12     | Identified the +11 glaive "Yrhog" {spect, Int+4}
 28263 | D:12     | Reached skill level 8 in Polearms
 28559 | D:12     | Reached skill level 1 in Necromancy
 28929 | D:12     | Killed coolio's ghost
 30175 | D:13     | Found a gate to the Vaults.
 31014 | D:14     | Noticed Rupert
 31021 | D:14     | Killed Rupert
 31338 | D:14     | Noticed Roxanne
 31344 | D:14     | Killed Roxanne
 31788 | D:15     | Entered Level 15 of the Dungeon
 31852 | D:15     | Reached skill level 5 in Dodging
 31928 | D:15     | Reached XP level 15. HP: 112/121 MP: 19/31
 32507 | D:15     | Found a staircase to the Depths.
 32733 | D:15     | Learned a level 5 spell: Borgnjor's Vile Clutch
 32957 | Spider:1 | Entered Level 1 of the Spider Nest
 32990 | Spider:1 | Reached skill level 9 in Polearms
 34504 | Spider:1 | HP: 2/157 [culicivora (14)]
 34898 | Spider:1 | Got Xiarodaijo's Papyrus of Malevolent Acts
 36561 | Spider:2 | Reached skill level 5 in Necromancy
 36590 | Spider:1 | Gained mutation: You sometimes lose your temper in combat.
                  | [mutagenic glow]
 36591 | Spider:1 | Lost mutation: You sometimes lose your temper in combat.
                  | [potion of mutation]
 36591 | Spider:1 | Gained mutation: Armour fits poorly on your strangely
                  | shaped body. [potion of mutation]
 36591 | Spider:1 | Gained mutation: You are clumsy. (Dex -2) [potion of
                  | mutation]
 36757 | Spider:2 | Reached skill level 10 in Polearms
 37915 | Spider:3 | Found a frozen archway.
 37929 | Spider:3 | Reached XP level 16. HP: 16/130 MP: 5/33
 37930 | Spider:3 | HP: 7/169 [white very ugly thing (11)]
 37946 | Spider:3 | HP: 3/171 [white ugly thing (7)]
 37996 | IceCv    | Entered an ice cave
 38331 | IceCv    | Identified the +2 pair of gloves of Gestures {rPois rF+}
 38356 | IceCv    | Lost mutation: Armour fits poorly on your strangely shaped
                  | body. [potion of mutation]
 38356 | IceCv    | Lost mutation: You are clumsy. (Dex -2) [potion of
                  | mutation]
 38356 | IceCv    | Gained mutation: You are partially covered in iridescent
                  | scales. (AC +2) [potion of mutation]
 38356 | IceCv    | Gained mutation: You occasionally lose the ability to read
                  | scrolls when taking damage. [potion of mutation]
 38356 | IceCv    | Gained mutation: You have a considerably increased
                  | reservoir of magic. (+20% MP) [potion of mutation]
 38357 | IceCv    | Lost mutation: You are partially covered in iridescent
                  | scales. (AC +2) [potion of mutation]
 38357 | IceCv    | Lost mutation: You have a considerably increased reservoir
                  | of magic. (+20% MP) [potion of mutation]
 38357 | IceCv    | Gained mutation: You are weak. (Str -2) [potion of
                  | mutation]
 38357 | IceCv    | Gained mutation: You have hidden genetic potential. [potion
                  | of mutation]
 38357 | IceCv    | Gained mutation: You have a pair of small horns on your
                  | head. [potion of mutation]
 38358 | IceCv    | Lost mutation: You are weak. (Str -2) [potion of mutation]
 38358 | IceCv    | Lost mutation: You have a pair of small horns on your head.
                  | [potion of mutation]
 38358 | IceCv    | Lost mutation: You have hidden genetic potential. [potion
                  | of mutation]
 38358 | IceCv    | Gained mutation: You are agile. (Dex +4, Str/Int -1)
                  | [potion of mutation]
 38358 | IceCv    | Gained mutation: You are very agile. (Dex +8, Str/Int -2)
                  | [potion of mutation]
 38359 | IceCv    | Lost mutation: You are very agile. (Dex +8, Str/Int -2)
                  | [potion of mutation]
 38359 | IceCv    | Lost mutation: You occasionally lose the ability to read
                  | scrolls when taking damage. [potion of mutation]
 38359 | IceCv    | Gained mutation: Your spells are a little easier to cast,
                  | but a little less powerful. [potion of mutation]
 38359 | IceCv    | Gained mutation: Your flesh is cold resistant. (rC+)
                  | [potion of mutation]
 38427 | IceCv    | Reached skill level 11 in Polearms
 38541 | IceCv    | Reached skill level 1 in Hexes
 39019 | IceCv    | Noticed a shard shrike
 39054 | IceCv    | Killed a shard shrike
 39126 | IceCv    | Got Tiufoeh's Compendium of Moulding and the Fifth Circle
 39768 | Spider:3 | Learned a level 4 spell: Animate Dead
 40019 | Spider:4 | Entered Level 4 of the Spider Nest
 40171 | Spider:4 | Identified a scroll of acquirement
 40172 | Spider:4 | Acquired 418 gold pieces
 40928 | Spider:4 | Reached skill level 10 in Fighting
 41008 | Spider:4 | Lost mutation: Your spells are a little easier to cast, but
                  | a little less powerful. [potion of mutation]
 41008 | Spider:4 | Lost mutation: Your flesh is cold resistant. (rC+) [potion
                  | of mutation]
 41008 | Spider:4 | Lost mutation: You are agile. (Dex +4, Str/Int -1) [potion
                  | of mutation]
 41008 | Spider:4 | Gained mutation: Your muscles are strong. (Str +4, Int/Dex
                  | -1) [potion of mutation]
 41008 | Spider:4 | Gained mutation: You have supernaturally acute eyesight.
                  | (SInv) [potion of mutation]
 41008 | Spider:4 | Gained mutation: You have a pair of small horns on your
                  | head. [potion of mutation]
 41024 | Spider:4 | Reached skill level 12 in Polearms
 41174 | Spider:4 | Got a gossamer rune of Zot
 41411 | Shoals:1 | Entered Level 1 of the Shoals
 41514 | Shoals:1 | Reached XP level 17. HP: 140/140 MP: 19/35
 41656 | Shoals:1 | Got the Dissertation on Boreal Ill Luck
 41757 | Shoals:1 | Noticed Nikola
 41767 | Shoals:1 | Killed Nikola
 41871 | Shoals:1 | Reached skill level 10 in Spellcasting
 42463 | Shoals:2 | Noticed Ilsuiw
 42722 | Shoals:2 | Killed Ilsuiw
 43428 | Shoals:3 | Reached skill level 13 in Polearms
 44088 | Shoals:4 | Entered Level 4 of the Shoals
 44987 | Shoals:4 | Got a barnacled rune of Zot
 45130 | Shoals:4 | Identified the -1 helmet of Heom {rCorr MP+9 Int-4}
 45432 | Elf:1    | Entered Level 1 of the Elven Halls
 45466 | Elf:1    | Reached XP level 18. HP: 151/151 MP: 30/38
 45524 | Elf:1    | Reached skill level 14 in Polearms
 45790 | Elf:1    | Found Figgo's Jewellery Shoppe.
 46172 | Elf:1    | Found Wusuatwu's Antique Weapon Shoppe.
 46172 | Elf:1    | Found Mere's General Store.
 46192 | Elf:1    | Bought a scroll of teleportation for 33 gold pieces
 46192 | Elf:1    | Bought a scroll of teleportation for 33 gold pieces
 46744 | Elf:2    | Learned a level 6 spell: Death Channel
 46968 | Elf:2    | Found Yneosebi's Antique Weapon Boutique.
 47051 | Elf:2    | Found a runed translucent gate.
 47051 | Elf:2    | Found a runed translucent gate.
 47052 | Elf:2    | Found a runed translucent gate.
 47356 | Abyss:3  | Cast into level 3 of the Abyss (+3 short sword of
                  | distortion)
 47653 | Elf:2    | Escaped the Abyss
 47657 | Elf:2    | Reached skill level 15 in Polearms
 47659 | Elf:2    | HP: 7/200 [+3 short sword of distortion (13)]
 47717 | Elf:2    | HP: 9/200 [burnt (3)]
 47737 | Elf:2    | Mangled by a +2 glaive of venom

Illustrated notes

Levels and vault maps discovered:
D:1:      dpeg_arrival_ternary, layout_loops_ring
D:2:      layout_loops_ring, minivault_26, minmay_bisected, uniq_sigmund,
          uniq_natasha
D:3:      layout_loops_corners, lemuel_coloured_pillars_altar, uniq_robin,
          uniq_terence
D:4:      nicolae_cairo_tiling_large, layout_loops_corners,
          mainiacjoe_overflow_large_starburst
D:5:      layout_basic, minmay_temple_entry_slanted, enter_ossuary_2, uniq_pikel
D:6:      layout_basic, serial_shops, shop_fountains,
          minmay_a_box_with_orc_wizards_in_it
D:7:      layout_cave_pools, overflow_temple_1_default, tso_oasis_becter,
          general_overflow_altar, kennysheep_windowed_goal
D:8:      layout_cave_pods, due_lair_maze_entry_diamond
D:9:      layout_loops_cross, grunt_qazlal_sundering,
          nicolae_ashenzari_panopticon, nicolae_overflow_hidden_temple,
          minmay_orc_entry_temple_small
D:10:     layout_roguey, old_standard_altar
D:11:     layout_irregular_city, vehumet_statue, uniq_josephine
D:12:     layout_cave_pods, serial_shops, nicolae_shop_stone, nzn_ghost_randoct
D:13:     layout_layer_cave, david_vaults_5
D:14:     nicolae_moon_pools, layout_gridville, serial_bayou_shore_a,
          uniq_roxanne, uniq_rupert
D:15:     grunt_enter_depths_magical_seal, layout_irregular_city,
          corexii_leaking_fountain, amcnicky_mini_corridor_feature,
          minmay_statues_item, minmay_tree_intersection
Lair:1:   statuecave_lemuel, layout_cave_shapes, worms_lemuel,
          infiniplex_staircase_pool
Lair:2:   layout_chaotic_city, dummy_spider_entry, grunt_forest_small_clearings,
          infiniplex_staircase_pool_2, grunt_megastairs_4
Lair:3:   layout_misc_corridors, shoals_dummy_entry
Lair:4:   layout_regular_city
Lair:5:   due_jungle_book, layout_loops_ring, minmay_slime_entry_eyes,
          grunt_forest_large_clearings, uniq_urug
Shoals:1: layout_shoals, nicolae_shoals_sun_and_surf, uniq_nikola
Shoals:2: layout_shoals, nicolae_shoals_hidden_pirate_stash, uniq_ilsuiw
Shoals:3: layout_shoals
Shoals:4: shoals_end_hellmonk_lost_city
Spider:1: nicolae_spider_hilbert_zone_4 [nicolae_spider_hilbert_4_sides_2_open,
          nicolae_spider_hilbert_4_sides_1_open,
          nicolae_spider_hilbert_4_sides_1_open,
          nicolae_spider_hilbert_4_sides_1_open,
          nicolae_spider_hilbert_4_sides_1_open,
          nicolae_spider_hilbert_2_sides_1_open,
          nicolae_spider_hilbert_2_sides_1_open,
          nicolae_spider_hilbert_2_sides_1_open,
          nicolae_spider_hilbert_2_sides_1_open,
          nicolae_spider_hilbert_6_sides_1_open,
          nicolae_spider_hilbert_6_sides_1_open,
          nicolae_spider_hilbert_3_sides_1_open,
          nicolae_spider_hilbert_3_sides_1_open], nicolae_spider_scorpion_nest
Spider:2: layout_spider_delve, nicolae_spider_eight_legs
Spider:3: layout_spider_delve, portal_ice_cave_entry_ugly_swarm
Spider:4: spider_rune_water
Orc:1:    layout_caves, lightli_orcish_oven, uniq_sonja, uniq_nergalle
Orc:2:    st_orc_rangers, layout_caves, uniq_maurice, uniq_jorgrun
Elf:1:    eino_elf_arrival_customs, layout_gridlike, serial_shops, shop,
          minmay_elf_crystal_hexagon, minmay_shoptagon
Elf:2:    nicolae_elf_blades_splatter_lattice
          [nicolae_blade_entry_sentries_behind_glass], layout_geoelf_diagonals,
          serial_shops, nicolae_take_the_stairs, ebering_dispersal_statue_hall

Skill      XL: |  1  2  3  4  5  6  7  8  9 10 11 12 13 14 15 16 17 18 |
---------------+-------------------------------------------------------+-----
Earth Magic    | 3 4 5 6 7 8 10 11 12 13 | 13.0
Dodging        | 2 3 5 6 8 9 |  9.9
Stealth        | 2 3 4 |  4.0
Spellcasting   | 2 3 5 6 7 8 9 10 11 | 11.0
Conjurations   | 1 2 3 4 5 |  5.0
Fighting       | 1 2 4 5 6 8 10 11 12 | 12.2
Polearms       | 1 3 4 6 7 8 10 12 13 15 | 15.0
Transmutations | 1 5 6 7 8 9 11 12 13 | 13.0
Translocations | 2 4 5 7 8 |  8.0
Shields        | 2 4 5 |  5.0
Air Magic      | 1 2 |  2.7
Armour         | 2 |  2.0
Necromancy     | 3 5 6 8 9 |  9.9
Hexes          | 4 |  4.0

Action                     |  1- 3 |  4- 6 |  7- 9 | 10-12 | 13-15 | 16-18 || total
---------------------------+-------+-------+-------+-------+-------+-------++-------
  Melee: Dagger            |       |     1 |       |       |       |       ||     1
         Trident           |       |    16 |    38 |   234 |   599 |       ||   887
         Punch             |       |       |     2 |       |       |       ||     2
         Glaive            |       |       |       |       |   400 |   916 ||  1316
         Headbutt          |       |       |       |       |       |    34 ||    34
   Cast: Sandblast         |    54 |    54 |    10 |     1 |       |       ||   119
         Stone Arrow       |       |    24 |   154 |   381 |   186 |    10 ||   755
         Lee's Rapid Decon |       |       |       |    30 |   155 |    44 ||   229
         Petrify           |       |       |       |    27 |    55 |    24 ||   106
         Manifold Assault  |       |       |       |    14 |   118 |   239 ||   371
         Statue Form       |       |       |       |       |    91 |   151 ||   242
         Blink             |       |       |       |       |    10 |       ||    10
         Borgnjor's Vile C |       |       |       |       |    62 |   123 ||   185
         Animate Dead      |       |       |       |       |       |    24 ||    24
         Death Channel     |       |       |       |       |       |     4 ||     4
Ability: End Transformatio |       |       |       |       |    23 |    21 ||    44
  Evoke: Phantom mirror    |       |       |       |     1 |     3 |       ||     4
    Use: Scroll            |       |     7 |     1 |    14 |    18 |    11 ||    51
         Potion            |       |     1 |     2 |     1 |     8 |    12 ||    24
   Stab: Sleeping          |       |     3 |       |     1 |     3 |     2 ||     9
         Petrified         |       |       |       |    18 |    20 |     3 ||    41
         Petrifying        |       |       |       |     3 |     3 |     2 ||     8
         Distracted        |       |       |       |       |     5 |     9 ||    14
         Invisible         |       |       |       |       |       |     1 ||     1
 Armour: Robe              |       |    10 |    56 |    32 |    11 |       ||   109
         Skin              |       |       |    91 |    42 |  1132 |   421 ||  1686
         Leather armour    |       |       |       |    52 |    25 |       ||    77
  Dodge: Dodged            |     5 |    19 |    82 |   139 |  1109 |   730 ||  2084
  Block: Buckler           |       |       |     6 |   111 |   388 |       ||   505
